 Dungeon Crawl Stone Soup version 0.17.1-3-g152610e (webtiles) character file.

3225 Reasonance the Fighter (level 9, -5/82 HPs)
             Began as a Hill Orc Fighter on Apr 9, 2016.
             Was an Initiate of Makhleb.
             Slain by Erica
             ... wielding a +1 scimitar of flaming
              (13 damage)
             ... on level 8 of the Dungeon on Apr 11, 2016.
             The game lasted 01:03:31 (6474 turns).

Reasonance the Fighter (Hill Orc Fighter)           Turns: 6474, Time: 01:03:31

Health: -5/82      AC:  9    Str: 19    XL:     9   Next: 98%
Magic:  18/18      EV: 12    Int: 14    God:    Makhleb [......]
Gold:   448        SH:  0    Dex: 15    Spells: 1 memorised, 7 levels left

rFire  . . .     SeeInvis +     M - +10 dagger "Haubb" {elec, Int+6 Dex+2}
rCold  . . .     Clarity  .     b - +0 scale mail
rNeg   . . .     SustAt   .     (no shield)
rPois  .         Gourm    .     (no helmet)
rElec  .         Spirit   .     u - +0 cloak
rCorr  .         Warding  .     (no gloves)
rMut   .         Stasis   .     (no boots)
MR     .....                    (no amulet)
Stlth  +.........               F - ring of see invisible
                                D - ring of magical power

@: not resistant to hostile enchantments, very unstealthy
A: no striking features
a: Renounce Religion


You were on level 8 of the Dungeon.
You worshipped Makhleb.
Makhleb was noncommittal.
You were not hungry.

You visited 2 branches of the dungeon, and saw 9 of its levels.

You collected 448 gold pieces.

Inventory:

Hand Weapons
 a - a +0 war axe
 d - a +1 whip of flaming
 j - a +2 short sword of venom
 t - a +0 mace
 w - a +0 flail of protection
 M - the +10 dagger "Haubb" (weapon) {elec, Int+6 Dex+2}
   (You found it on level 5 of the Dungeon)

   Occasionally, upon striking a foe, it will discharge some electrical energy
   and cause terrible harm.
   It affects your intelligence (+6).
   It affects your dexterity (+2).
 N - a +2 trident of piercing
Armour
 b - a +0 scale mail (worn)
 c - a +0 shield
 u - a +0 cloak (worn)
 K - a +0 ring mail
 Q - a +0 chain mail
Jewellery
 x - an uncursed ring of ice
 C - an uncursed amulet of regeneration
 D - a ring of magical power (left hand)
 F - a ring of see invisible (right hand)
 H - an uncursed ring of protection from cold {unknown}
Wands
 L - a wand of paralysis (10)
Scrolls
 f - a scroll of enchant weapon {unknown}
 i - 3 scrolls of identify
 l - 3 scrolls of teleportation {unknown}
 m - 4 scrolls of enchant armour {unknown}
 p - a scroll of magic mapping {unknown}
 q - 2 scrolls of fear {unknown}
 r - a scroll of noise {unknown}
 s - a scroll of remove curse
 y - a scroll of fog {unknown}
 E - a scroll of immolation {unknown}
 J - a scroll of recharging {unknown}
 O - 2 scrolls of random uselessness {unknown}
 P - a scroll of blinking {unknown}
Potions
 g - 2 potions of flight {unknown}
 h - 4 potions of cancellation {unknown}
 o - 2 potions of curing
 v - a potion of degeneration {unknown}
 G - 2 potions of ambrosia {unknown}
 I - a potion of berserk rage {unknown}
 R - a potion of invisibility {unknown}
Comestibles
 e - 6 bread rations
 k - a royal jelly
 z - 3 beef jerkies
 A - 15 fruits
 B - 2 meat rations


   Skills:
 * Level 8.4 Fighting
 * Level 3.8 Short Blades
 - Level 7.2 Axes
 + Level 8.0 Armour
 + Level 3.7 Dodging
 + Level 2.7 Stealth
 - Level 6.3 Shields
 - Level 1.0 Evocations


You had 7 spell levels left.
You knew the following spells:

 Your Spells              Type           Power        Failure   Level  Hunger
a - Magic Dart            Conj           #...         77%         1    ##.....


Dungeon Overview and Level Annotations

Branches:
Dungeon (8/15)             Temple (1/1) D:6
   Lair: D:8-11

Altars:
Ashenzari
Cheibriados
Gozag
Makhleb
Nemelex Xobeh
Okawaru
Ru
Vehumet

Shops:
D:5 }   D:7 %

Annotations:
D:8 Erica


Message History

Erica hits you with a scimitar of flaming!
* * * LOW HITPOINT WARNING * * *
Erica burns you.
* * * LOW HITPOINT WARNING * * *
Drink which item? (? for menu, Esc to quit)
You feel better.
Erica hits you with a scimitar of flaming.
Erica burns you.
You hit Erica but do no damage.
Erica is heavily wounded.
You barely miss Erica.
Erica is heavily wounded.
Erica hits you with a scimitar of flaming!
* * * LOW HITPOINT WARNING * * *
Erica burns you.
* * * LOW HITPOINT WARNING * * *
You hit Erica.
Erica is severely wounded.
Erica hits you with a scimitar of flaming!
You die...

#.# . #.## .#. #...
(..## ####.## ._...
#######....# ..?...
#####.......####
......##.....#######
.⌠.._..@.#####
.......@..#
..........#
.............
..........####
..........#
....<......
..........##
..........#


You could see Erica.

Vanquished Creatures
  The ghost of NihilVerum the Magician, a novice DsWz (D:7)
  Pikel (D:4)
  The ghost of Reasonance the Chopper, a novice HOAK of Lugonu (D:4)
  Psyche (D:8)
  A hungry ghost (D:7)
  An orc warrior (D:7)
  A sky beast (D:7)
  2 ice beasts
  A phantom (D:5)
  3 slaves
  2 ogres
  2 centaurs
  3 scorpions
  3 crimson imps (D:5)
  A giant frog zombie (D:6)
  A hound (D:5)
  A centaur skeleton (D:6)
  Ijyb (D:2)
  A giant frog skeleton (D:7)
  2 jellies
  An orc priest (D:4)
  An iguana (D:5)
  Jessica (D:3)
  A worker ant (D:4)
  A hound zombie (D:6)
  2 hound skeletons (D:5)
  A worker ant zombie (D:5)
  3 gnolls (D:6)
  5 adders
  A shadow imp (D:6)
  An ooze (D:1)
  4 worms
  2 giant geckos (D:2)
  10 orcs
  2 ball pythons
  15 goblins
  6 hobgoblins
  6 jackals
  A quokka (D:2)
  5 bats
  6 giant cockroaches
  A giant gecko zombie (D:8)
  8 giant newts
  15 kobolds
  8 rats
137 creatures vanquished.

Vanquished Creatures (others)
  An ogre (D:4)
1 creature vanquished.

Grand Total: 138 creatures vanquished

Notes
Turn   | Place    | Note
--------------------------------------------------------------
     0 | D:1      | Reasonance the Hill Orc Fighter began the quest for the Orb.
     0 | D:1      | Reached XP level 1. HP: 19/19 MP: 1/1
   142 | D:1      | Reached XP level 2. HP: 20/27 MP: 2/2
   340 | D:1      | Reached skill level 4 in Fighting
   459 | D:1      | Reached XP level 3. HP: 33/33 MP: 3/3
   751 | D:2      | Noticed Ijyb
   769 | D:2      | Killed Ijyb
   769 | D:2      | Reached XP level 4. HP: 37/40 MP: 4/4
   845 | D:2      | Reached skill level 1 in Dodging
  1114 | D:2      | Found an opulent altar of Gozag.
  1593 | D:2      | Reached XP level 5. HP: 26/47 MP: 5/5
  2035 | D:3      | Found a sparkling altar of Nemelex Xobeh.
  2067 | D:3      | Found a radiant altar of Vehumet.
  2154 | D:3      | Noticed Jessica
  2161 | D:3      | Killed Jessica
  2667 | D:4      | Noticed an ogre
  2674 | D:5      | Entered Level 5 of the Dungeon
  2766 | D:5      | Reached XP level 6. HP: 28/53 MP: 6/6
  2929 | D:5      | Noticed an ice beast
  2950 | D:5      | Killed an ice beast
  3150 | D:5      | Found Hoixain's Gadget Emporium.
  3201 | D:5      | Reached skill level 5 in Axes
  3263 | D:5      | Reached skill level 5 in Fighting
  3337 | D:4      | Noticed Reasonance's ghost (novice HOAK)
  3348 | D:4      | Noticed a slave
  3349 | D:4      | Noticed a slave
  3380 | D:3      | Killed a slave
  3656 | D:4      | Noticed a slave
  3657 | D:4      | Noticed a slave
  3669 | D:4      | Killed a slave
  3670 | D:4      | Noticed Pikel
  3761 | D:4      | Killed a slave
  3763 | D:4      | Killed Pikel
  3763 | D:4      | Reached skill level 6 in Axes
  3763 | D:4      | Reached skill level 5 in Armour
  3763 | D:4      | Reached skill level 5 in Shields
  3763 | D:4      | Reached XP level 7. HP: 43/62 MP: 7/7
  3763 | D:4      | Reached XP level 8. HP: 48/70 MP: 8/8
  3769 | D:4      | Killed Reasonance's ghost
  3809 | D:4      | Identified Vehumet's Volume of Battle Magic
  4153 | D:4      | Noticed an ogre
  4266 | D:5      | Reached skill level 7 in Axes
  4383 | D:4      | Killed an ogre
  4391 | D:4      | Killed an ogre
  4420 | D:5      | Learned a level 1 spell: Magic Dart
  4508 | D:5      | Got a fine dagger
  4515 | D:5      | Identified the +10 dagger "Haubb" {elec, Int+6 Dex+2} (You found it on level 5 of the Dungeon)
  4550 | D:5      | Reached skill level 1 in Stealth
  4900 | D:6      | Found a staircase to the Ecumenical Temple.
  4941 | Temple   | Entered the Ecumenical Temple
  4979 | Temple   | Became a worshipper of Makhleb the Destroyer
  5032 | D:6      | Reached skill level 1 in Short Blades
  5032 | D:6      | Reached XP level 9. HP: 72/78 MP: 9/9
  5721 | D:7      | Noticed NihilVerum's ghost (novice DsWz)
  5733 | D:7      | Killed NihilVerum's ghost
  5733 | D:7      | Reached skill level 1 in Evocations
  5926 | D:7      | Reached skill level 8 in Fighting
  6249 | D:7      | Found Duilu's Food Boutique.
  6422 | D:8      | Noticed Psyche
  6428 | D:8      | Killed Psyche
  6458 | D:8      | Found an iron altar of Okawaru.
  6458 | D:8      | Noticed Erica
  6461 | D:8      | Found a snail-covered altar of Cheibriados.
  6474 | D:8      | Slain by Erica

Action                   |  1- 3 |  4- 6 |  7- 9 || total
-------------------------+-------+-------+-------++-------
Melee: War axe           |   119 |   258 |    49 ||   426
       Dagger            |       |       |   131 ||   131
       Flail             |       |       |     2 ||     2
       Trident           |       |       |     6 ||     6
Evoke: Wand              |       |       |     3 ||     3
  Use: Potion            |       |     4 |     2 ||     6
       Scroll            |       |     3 |     1 ||     4
 Stab: Paralysed         |       |       |     3 ||     3
       Distracted        |       |       |     1 ||     1
  Eat: Chunk             |       |     9 |     7 ||    16
       Meat ration       |       |       |     1 ||     1
